 Dungeon Crawl Stone Soup version 0.27.0-1-g7a089689b8 (webtiles) character file.

Game seed: 12958739331298352852

184 ZombieSheep the Ruffian (level 5, 0/46 HPs)
             Began as a Ghoul Monk on Aug 4, 2021.
             Killed by divine providence
             ... invoked by an orc priest
              (11 damage)
             ... on level 3 of the Dungeon.
             The game lasted 00:03:24 (1654 turns).

ZombieSheep the Ruffian (Ghoul Monk)                Turns: 1654, Time: 00:03:25

Health: 0/46       AC:  9    Str: 22    XL:     5   Next: 63%
Magic:  4/4        EV:  8    Int:  5    God:
Gold:   110        SH:  0    Dex: 11    Spells: 4/4 levels left

rFire    . . .     SeeInvis .     - Unarmed
rCold    + . .     Faith    .   (no shield)
rNeg     + + +     Spirit   .   c - +0 chain mail
rPois    ∞         Reflect  .   (no helmet)
rElec    .         Harm     .   g - +0 cloak
rCorr    .         Rampage  .   (no gloves)
Will     .....                  (no boots)
Stlth    ..........             (no amulet)
HPRegen  0.00/turn              b - +6 ring of strength
MPRegen  0.09/turn              (no ring)

@: inhibited regen
A: claws 1, cold resistance 1, negative energy resistance 3, inhibited
regeneration, torment resistance 2
a: no special abilities


You were on level 3 of the Dungeon.
You visited 1 branch of the dungeon, and saw 3 of its levels.

You collected 110 gold pieces.

Inventory:

Armour
 c - a +0 chain mail (worn)
 g - a +0 cloak (worn)
Jewellery
 b - a +6 ring of strength (left claw)
 h - a +6 ring of intelligence
Scrolls
 e - a scroll of enchant weapon
Potions
 a - a potion of mutation
 d - a potion of curing {unknown}
 f - a potion of might {unknown}


   Skills:
 + Level 4.2 Fighting
 + Level 1.8 Armour
 + Level 3.4 Dodging
 - Level 2.1 Stealth
 * Level 5.0 Unarmed Combat


You had 4 spell levels left.
You didn't know any spells.
Your spell library contained the following spells:

 Spells                   Type           Power      Damage    Failure   Level
 Blink                    Tloc           N/A        N/A       100%        2
 Lesser Beckoning         Tloc           0%         N/A       100%        3
 Manifold Assault         Tloc           0%         N/A       100%        5


Dungeon Overview and Level Annotations

Branches:
Dungeon (3/15)

Altars:


Innate Abilities, Weirdness & Mutations

You thrive by killing the living.
You are immune to poison.
You have sharp fingernails.
Your flesh is cold resistant. (rC+)
You are immune to negative energy. (rN+++)
You do not regenerate when monsters are visible.
You are immune to unholy pain and torment.


Message History

An orc is nearby!
The orc throws a boomerang.
The boomerang barely misses you. The orc barely misses you.
You scratch the orc.
The orc is almost dead.
The orc hits you but does no damage.
You closely miss the orc.
The orc is almost dead.
The orc hits you but does no damage.
You claw the orc!
You kill the orc!
The orc priest calls down the wrath of Beogh upon you.
Beogh smites you!
Your Unarmed Combat skill increases to level 5!
You scratch the orc but do no damage. You scratch the orc.
The orc is almost dead.
The orc hits you with a +0 dagger.
You barely miss the orc.
The orc is almost dead.
The orc priest invokes the aid of Beogh against you.
Beogh smites you!
* * * LOW HITPOINT WARNING * * *
The orc hits you from afar with a +0 trident.
* * * LOW HITPOINT WARNING * * *
You claw the orc!
You kill the orc!
You feel better.
The orc priest looks encouraged for a moment.
The orc priest hits you but does no damage.
You closely miss the orc priest. The orc barely misses you.
The orc priest hits you but does no damage.
You scratch the orc priest.
The orc priest is moderately wounded.
The orc hits you but does no damage.
You scratch the orc priest but do no damage.
The orc priest is moderately wounded.
The orc priest invokes the aid of Beogh against you.
Beogh smites you!
You die...

#.. #######.#....#.#.### #..
...........#.#.#
.......#..##########.#.##...#
.≈..o≈.#...(..†.............#
....o.o#.#.......)..#.......#
.....o.#.#.########.#.......#
...o...#.#.########.#..#.....
.≈...≈.#....o.oo)##.#..#.###..
.......#..######@##.#......
......o...# #.##........
##........# #.##..##.###
########## #.##†.......
#......#.##( ####.#.# # #.#.#
#.#.. #.####


You could see 2 orc priests and an orc.

Vanquished Creatures
  A water moccasin skeleton (D:2)
  Crazy Yiuf (D:2)
  Jessica (D:2)
  2 adders (D:2)
  3 dart slugs
  2 orcs (D:3)
  9 endoplasms (D:1)
  A giant cockroach (D:1)
  6 hobgoblins
  9 jackals
  5 kobolds
  A quokka (D:1)
  2 bats
  2 frilled lizards
  7 rats
52 creatures vanquished.

Notes
Turn   | Place    | Note
-------+----------+-------------------------------------------
     0 | D:1      | ZombieSheep the Ghoul Monk began the quest for the Orb.
     0 | D:1      | Reached XP level 1. HP: 19/19 MP: 0/0
   158 | D:1      | Reached XP level 2. HP: 26/26 MP: 1/1
   561 | D:1      | Reached XP level 3. HP: 31/31 MP: 2/2
   721 | D:2      | Reached skill level 1 in Armour
   721 | D:2      | Reached skill level 4 in Unarmed Combat
   721 | D:2      | Reached XP level 4. HP: 33/40 MP: 3/3
   859 | D:2      | Noticed Jessica
   866 | D:2      | Killed Jessica
   867 | D:2      | Reached XP level 5. HP: 42/46 MP: 4/4
   930 | D:2      | Found a runed translucent door.
   931 | D:2      | Noticed Crazy Yiuf
  1452 | D:2      | Killed Crazy Yiuf
  1648 | D:3      | Reached skill level 5 in Unarmed Combat
  1654 | D:3      | Killed from afar by an orc priest

Illustrated notes

Levels and vault maps discovered:
D:1:      minmay_arrival_stone_box, layout_rooms, minmay_pentomino_p2
D:2:      layout_loops_ring, uniq_jessica, uniq_crazy_yiuf_cottage
D:3:      cheibrodos_pilgrimage, layout_basic

Skill      XL: |  1  2  3  4  5 |
---------------+----------------+-----
Armour         | 1 |  1.8
Dodging        | 3 |  3.4
Unarmed Combat | 4 5 |  5.0
Fighting       | 4 |  4.2
Stealth        | |  2.1

Action                   |  1- 3 |  4- 6 || total
-------------------------+-------+-------++-------
Melee: Unarmed           |    71 |    75 ||   146
       Punch             |     2 |       ||     2
  Use: Scroll            |     3 |     2 ||     5
 Stab: Sleeping          |     1 |       ||     1
Armor: Robe              |     4 |       ||     4
       Chain mail        |    21 |    34 ||    55
Dodge: Dodged            |    18 |    35 ||    53
